 Dungeon Crawl Stone Soup version 0.16.1-5-gaa23807 (webtiles) character file.

6746 Raurakos the Destroyer (level 10, -2/56 HPs)
             Began as a High Elf Wizard on Mar 23, 2015.
             Was an Initiate of Sif Muna.
             Slain by a minotaur
             ... wielding a +2 trident of protection
              (20 damage)
             ... in a labyrinth on Mar 28, 2015.
             The game lasted 01:33:26 (14201 turns).

Raurakos the Destroyer (High Elf Wizard)           Turns: 14201, Time: 01:33:27

Health: -2/56      AC: 10    Str:  6    XL:     10   Next: 75%
Magic:  2/25       EV: 15    Int: 23    God:    Sif Muna [......]
Gold:   514        SH:  0    Dex: 17    Spells: 5 memorised, 9 levels left

rFire  . . .     SeeInvis .     a - +0 dagger (venom)
rCold  + . .     Clarity  .     x - +3 leather armour {rC+}
rNeg   + . .     SustAb   .     (no shield)
rPois  +         Gourm    .     i - +0 helmet
rElec  .         Spirit   .     (no cloak)
rCorr  .         Warding  +     r - +0 pair of gloves
rMut   .         Stasis   .     (no boots)
MR     +....                    z - amulet of warding
Stlth  ++........               g - ring of poison resistance
                                G - +2 ring of protection

@: repel missiles, somewhat resistant to hostile enchantments, unstealthy
A: no striking features
a: Renounce Religion


You were in a labyrinth.
You worshipped Sif Muna.
Sif Muna was noncommittal.
You were hungry.

You visited 2 branches of the dungeon, and saw 12 of its levels.
You also visited: Labyrinth.

You collected 514 gold pieces.

Inventory:

Hand weapons
 a - a +0 dagger of venom (weapon)
 b - a +0 dagger of freezing
 t - a +0 long sword
Missiles
 f - 22 stones (quivered)
Armour
 i - a +0 helmet (worn)
 n - a +1 buckler
 r - a +0 pair of gloves (worn)
 x - a +3 leather armour of cold resistance (worn)
Jewellery
 g - a ring of poison resistance (right hand)
 k - an uncursed ring of positive energy
 z - an amulet of warding (around neck)
 G - a +2 ring of protection (left hand)
Magical devices
 H - a wand of fire (0)
 M - a wand of heal wounds (4)
 T - a wand of enslavement (9)
Scrolls
 e - a scroll of fear {unknown}
 o - a scroll of fog
 p - a scroll of teleportation
 w - a scroll of amnesia
 y - 4 scrolls of enchant weapon
 I - 4 scrolls of remove curse
 O - 2 scrolls of recharging
Potions
 h - 3 potions of agility
 l - 2 potions of mutation {unknown}
 q - a potion of brilliance {unknown}
 s - 3 potions of flight
 u - 5 potions of curing
 B - a potion of restore abilities {unknown}
 C - a potion of beneficial mutation {unknown}
 E - a potion of cancellation {unknown}
 J - a potion of invisibility {unknown}
 K - 4 potions of berserk rage {unknown}
 L - a potion of magic {unknown}
 N - a potion of ambrosia {unknown}
 S - a potion of lignification {unknown}
Books
 c - a book of Minor Magic

   Spells                             Type                      Level
   a - Magic Dart                     Conjuration                  1
   b - Blink                          Translocation                2
   c - Call Imp                       Summoning                    2
   d - Repel Missiles                 Charms/Air                   2
   e - Slow                           Hexes                        2
   f - Conjure Flame                  Conjuration/Fire             3
   g - Mephitic Cloud                 Conjuration/Poison/Air       3
 j - a book of Alchemy

   Spells                             Type                      Level
   a - Sublimation of Blood           Necromancy                   2
   b - Alistair's Intoxication        Transmutation/Poison         4
   c - Condensation Shield            Ice                          4
   d - Petrify                        Transmutation/Earth          4
   e - Ignite Poison                  Fire/Transmutation           5
   f - Irradiate                      Conjuration/Transmutation    5
 P - a Grand Grimoire {highlevel, unknown}

   This book is beyond your current level of understanding.

   Spells                             Type                      Level
   a - Aura of Abjuration             Summoning                    6
   b - Summon Greater Demon           Summoning                    7
   c - Malign Gateway                 Summoning/Translocation      7
   d - Summon Horrible Things         Summoning                    8
 R - a book of Air

   Spells                             Type                      Level
   a - Shock                          Conjuration/Air              1
   b - Swiftness                      Charms/Air                   2
   c - Repel Missiles                 Charms/Air                   2
   d - Flight                         Charms/Air                   3
   e - Static Discharge               Conjuration/Air              3
   f - Lightning Bolt                 Conjuration/Air              5
Comestibles
 d - 4 bread rations
 m - 5 meat rations
 v - 22 fruits


   Skills:
 + Level 7.3 Long Blades
 - Level 1.2 Armour
 + Level 6.7 Dodging
 - Level 2.1 Stealth
 - Level 5.1 Spellcasting
 - Level 9.3 Conjurations
 - Level 5.0 Charms
 - Level 4.6 Summonings
 - Level 5.0 Translocations
 - Level 5.0 Air Magic
 - Level 4.0 Poison Magic
 - Level 1.3 Evocations


You had 9 spell levels left.
You knew the following spells:

 Your Spells              Type           Power        Failure   Level  Hunger
a - Magic Dart            Conj           ####         1%          1    None
b - Blink                 Tloc           N/A          3%          2    None
c - Call Imp              Summ           ####....     4%          2    None
d - Repel Missiles        Chrm/Air       ####..       3%          2    None
e - Mephitic Cloud        Conj/Pois/Air  ####....     4%          3    ##.....


Dungeon Overview and Level Annotations

Branches:
Dungeon (11/15)            Temple (1/1) D:6
   Lair: D:8-11         Orc: D:9-12

Altars:
Ashenzari
Cheibriados
Dithmenos
Elyvilon
Fedhas
Gozag
Kikubaaqudgha
Makhleb
Nemelex Xobeh
Okawaru
Qazlal
Ru
Sif Muna
Trog
Vehumet
Xom
Yredelemnul
Zin
The Shining One

Annotations:
D:7 Ijyb
D:8 exclusion: 2 oklob saplings
D:10 Erolcha


Message History

The minotaur hits you but does no damage.
The minotaur is engulfed in noxious fumes.
You hit the minotaur but do no damage.
The minotaur is poisoned.
The minotaur is moderately wounded.
You hit the minotaur but do no damage.
The minotaur looks even sicker.
The minotaur is moderately wounded.
Your crimson imp hits the minotaur but does no damage.
You catch the helpless minotaur completely off-guard!
You hit the minotaur!
The minotaur looks even sicker.
The minotaur is heavily wounded.
You hit the minotaur but do no damage.
The minotaur is heavily wounded.
You completely miss the minotaur.
The minotaur is heavily wounded.
Your crimson imp hits the minotaur but does no damage.
The minotaur seems less confused.
The minotaur completely misses you. The minotaur gores you!
Your crimson imp hits the minotaur but does no damage.
The minotaur hits you from afar with a trident of protection!!
You die...

# ### #####
#..... . . . #
..#### # #.
..H....# # #.
####..# ##
#..#. . #
###.######@##
#
#.........5.#.
.#####.###H#.#
# #.......#.
##.##### # #.#
. ## #


You could see a minotaur and a friendly crimson imp.

Vanquished Creatures
  Pikel (D:7)
  A manticore (D:7)
  4 wandering mushrooms (D:8)
  A sky beast (D:5)
  4 orc warriors
  2 ice beasts
  2 necrophages
  3 ogres
  A phantom (D:9)
  A big kobold (D:8)
  Duvessa (D:9)
  7 centaurs
  Blork the orc (D:7)
  A gnoll sergeant (D:9)
  2 water moccasin zombies
  3 giant frogs
  10 killer bees
  5 scorpions
  2 jellies
  3 goliath beetles
  2 crimson imps
  The ghost of Vidiiot the Stinger, a weakling HaVM (D:4)
  4 hounds
  An iron imp (D:6)
  Dowan (D:9)
  2 centaur skeletons
  9 orc priests
  14 orc wizards
  A giant frog skeleton (D:5)
  5 iguanas
  7 worker ants
  A hound zombie (D:8)
  A worker ant zombie (D:8)
  Robin (D:3)
  9 adders
  15 gnolls
  4 shadow imps
  3 giant mites
  A white imp (Lab)
  3 worms
  An adder skeleton (D:8)
  2 giant geckos
  An ooze (D:3)
  47 orcs
  A bat skeleton (D:5)
  A bat zombie (D:6)
  6 giant cockroaches
  30 goblins
  24 hobgoblins
  7 jackals
  16 kobolds
  7 quokkas
  3 ball pythons
  10 bats
  A giant cockroach zombie (D:5)
  A giant newt (D:1)
  A giant spore (D:7)
  A quokka zombie (D:8)
  14 rats
  A ballistomycete (D:7)
315 creatures vanquished.

Vanquished Creatures (collateral kills)
  A phantom (D:5)
  A slave (D:7)
  A sky beast (D:8)
  A crocodile (D:11)
  A crimson imp (D:9)
  A jelly (D:9)
  A giant frog skeleton (D:7)
  2 gnolls
  4 orcs
  A goblin (D:3)
14 creatures vanquished.

Vanquished Creatures (others)
  A slave (D:7)
  A sky beast (D:7)
  A centaur (D:7)
  A wight (D:7)
  A crimson imp (D:2)
  An iron imp (D:2)
  2 shadow imps
  A giant gecko (D:7)
  An orc (D:7)
10 creatures vanquished.

Grand Total: 339 creatures vanquished

Notes
Turn   | Place    | Note
--------------------------------------------------------------
     0 | D:1      | Raurakos, the High Elf Wizard, began the quest for the Orb.
     0 | D:1      | Reached XP level 1. HP: 11/11 MP: 5/5
    30 | D:1      | Found a sparkling altar of Nemelex Xobeh.
   265 | D:1      | Reached XP level 2. HP: 17/17 MP: 0/7
   269 | D:1      | Learned a level 2 spell: Blink
   272 | D:1      | Learned a level 2 spell: Call Imp
   275 | D:1      | Learned a level 2 spell: Repel Missiles
  1101 | D:2      | Reached skill level 1 in Summonings
  1243 | D:2      | Reached XP level 3. HP: 21/21 MP: 8/10
  1512 | D:2      | Found a stormy altar of Qazlal.
  2017 | D:2      | Reached XP level 4. HP: 25/27 MP: 3/13
  2074 | D:2      | Learned a level 3 spell: Mephitic Cloud
  2427 | D:3      | Reached skill level 4 in Conjurations
  2427 | D:3      | Reached skill level 1 in Air Magic
  2925 | D:3      | Reached XP level 5. HP: 26/31 MP: 3/14
  3290 | D:4      | Noticed Robin
  3317 | D:3      | Killed Robin
  3539 | D:3      | Reached skill level 5 in Conjurations
  3964 | D:4      | Reached XP level 6. HP: 36/36 MP: 6/17
  4230 | D:4      | Found an opulent altar of Gozag.
  4418 | D:4      | Noticed Vidiiot's ghost (weakling HaVM)
  4427 | D:4      | Killed Vidiiot's ghost
  4546 | D:4      | Reached skill level 1 in Poison Magic
  4620 | D:5      | Entered Level 5 of the Dungeon
  4859 | D:5      | Reached skill level 5 in Air Magic
  4931 | D:5      | Reached XP level 7. HP: 35/41 MP: 14/19
  5787 | D:5      | Reached skill level 5 in Spellcasting
  6156 | D:6      | Reached XP level 8. HP: 37/46 MP: 12/22
  6212 | D:5      | Reached skill level 6 in Conjurations
  6719 | D:6      | Found a staircase to the Ecumenical Temple.
  6726 | Temple   | Entered the Ecumenical Temple
  6999 | D:6      | Reached skill level 7 in Conjurations
  7477 | D:6      | Reached skill level 1 in Charms
  7860 | D:6      | Reached skill level 5 in Translocations
  7921 | D:7      | Reached XP level 9. HP: 49/51 MP: 12/24
  8425 | D:7      | Reached skill level 5 in Charms
  8558 | D:7      | Reached skill level 1 in Armour
  8612 | D:7      | Noticed Pikel
  8902 | D:7      | Noticed Blork the orc
  8917 | D:7      | Killed Blork the orc
  8917 | D:7      | Reached skill level 1 in Evocations
  8933 | D:7      | Killed Pikel
  9090 | D:7      | Noticed Ijyb
  9323 | D:7      | Noticed a manticore
  9364 | D:7      | Killed a manticore
  9673 | D:8      | Reached skill level 5 in Long Blades
  9893 | D:8      | Reached skill level 8 in Conjurations
  9910 | D:8      | Found a deep blue altar of Sif Muna.
 10004 | D:8      | Found an opulent altar of Gozag.
 10013 | D:8      | Found a white marble altar of Elyvilon.
 10037 | D:8      | Found a shadowy altar of Dithmenos.
 10038 | D:8      | Found an ancient bone altar of Kikubaaqudgha.
 10039 | D:8      | Found a sparkling altar of Nemelex Xobeh.
 10040 | D:8      | Found a basalt altar of Yredelemnul.
 10040 | D:8      | Found a shattered altar of Ashenzari.
 10048 | D:8      | Became a worshipper of Sif Muna the Loreminder
 10250 | D:8      | Reached XP level 10. HP: 56/56 MP: 17/25
 10757 | D:8      | Found a blossoming altar of Fedhas.
 10845 | D:8      | Reached skill level 9 in Conjurations
 11165 | D:8      | Upgraded the game from 0.16.1 to 0.16.1-5-gaa23807
 11878 | D:9      | Reached skill level 5 in Dodging
 12034 | D:10     | Entered Level 10 of the Dungeon
 12064 | D:10     | Noticed Erolcha
 12831 | D:9      | Noticed Duvessa
 12831 | D:9      | Noticed Dowan
 12839 | D:9      | Killed Dowan
 12856 | D:9      | Killed Duvessa
 13710 | D:11     | Found a labyrinth entrance.
 13719 | Lab      | Entered a labyrinth
 14103 | Lab      | Noticed a minotaur
 14201 | Lab      | Slain by a minotaur

Action                   |  1- 3 |  4- 6 |  7- 9 | 10-12 || total
-------------------------+-------+-------+-------+-------++-------
Melee: Unarmed           |     1 |       |       |       ||     1
       Short sword       |     3 |       |       |       ||     3
       Dagger            |     6 |    54 |   188 |   289 ||   537
       Long sword        |       |       |       |    43 ||    43
Throw: Stone             |     1 |     2 |       |     2 ||     5
 Cast: Magic Dart        |    87 |   171 |   354 |    94 ||   706
       Repel Missiles    |     1 |       |       |       ||     1
       Call Imp          |     3 |     5 |    24 |    26 ||    58
       Blink             |     2 |     3 |     7 |     3 ||    15
       Mephitic Cloud    |       |    11 |    65 |    35 ||   111
  Use: Scroll            |     5 |     1 |     2 |     8 ||    16
       Potion            |       |       |       |     4 ||     4
 Stab: Confused          |       |     2 |    22 |    16 ||    40
       Distracted        |       |       |     2 |     1 ||     3
       Sleeping          |       |       |     1 |     1 ||     2
  Eat: Chunk             |     3 |    10 |    18 |    13 ||    44
       Pizza             |       |       |     1 |       ||     1
